 Dungeon Crawl Stone Soup version 0.30-a0-702-gdf48620a09 (webtiles) character file.

Game seed: 18265877915490624844

93 xSliceyx the Magician (level 4, -1/31 HPs)
             Began as a Djinni Ice Elementalist on Jan 21, 2023.
             Slain by an ufetubus (3 damage)
             ... on level 4 of the Dungeon.
             The game lasted 00:08:43 (2341 turns).

xSliceyx the Magician (Djinni Ice Elementalist)     Turns: 2341, Time: 00:08:43

Health: -1/31      AC:  9    Str:  7    XL:     4   Next: 91%
Gold:   165        EV: 12    Int: 19    God:
                   SH:  0    Dex: 13

rFire   + + .      SeeInvis +    j - +0 spear
rCold   x . .      Faith    .    (no shield)
rNeg    . . .      Spirit   .    a - +0 robe
rPois   ∞          Reflect  .    (no helmet)
rElec   .          Harm     .    (no cloak)
rCorr   .          Rampage  .    t - +0 pair of gloves
Will    .....                    (boots unavailable)
Stlth   ++                       (no amulet)
HPRegen 0.25/turn                k - ring of see invisible
MPRegen 0.00/turn                (no ring)

@: ice-armoured, freezing walls, flying
A: sickness immunity, fire resistance 2, cold vulnerability 1, float, innate
caster, HP casting, extra vitality 1
a: no special abilities


You were on level 4 of the Dungeon.
You visited 1 branch of the dungeon, and saw 4 of its levels.

You collected 165 gold pieces.

Inventory:

Hand Weapons
 j - a +0 spear (weapon)
Armour
 a - a +0 robe (worn)
 p - a +2 leather armour of fire resistance
 t - a +0 pair of gloves (worn)
Magical Staves
 c - a staff of poison
Jewellery
 k - a ring of see invisible (left hand)
Scrolls
 d - 3 scrolls of poison
 e - a scroll of enchant weapon {unknown}
 i - 2 scrolls of fog {unknown}
 l - a scroll of teleportation {unknown}
 m - 2 scrolls of immolation {unknown}
 n - a scroll of silence {unknown}
 o - a scroll of magic mapping {unknown}
 s - a scroll of identify {unknown}
Potions
 b - a potion of magic
 f - 2 potions of haste {unknown}
 h - a potion of berserk rage {unknown}
 q - 2 potions of heal wounds {unknown}
 r - a potion of curing {unknown}


   Skills:
 - Level 2.1 Dodging
 - Level 1.5 Stealth
 + Level 4.6 Spellcasting


You couldn't memorise any spells.
You knew the following spells:

 Your Spells              Type           Power      Damage    Failure   Level
a - Freeze                Ice            88%        1d9       1%          1
b - Frozen Ramparts       Ice            44%        1d7       5%          3
c - Ozocubu's Armour      Ice            22%        N/A       5%          3
d - Summon Ice Beast      Ice/Summ       22%        N/A       19%         4
e - Sting                 Tmut/Pois      88%        1d7       1%          1
Your spell library was empty.

Dungeon Overview and Level Annotations

Branches:
Dungeon (4/15)
 Temple: D:4-7

Altars:
Nemelex Xobeh

Annotations:
D:3 1 runed translucent door, Spectrina's ghost, weakling DEMo
D:4 Edmund


Innate Abilities, Weirdness & Mutations

You are immune to sickness and miasma.
You are immune to poison.
Your flesh is very heat resistant. (rF++)
You are vulnerable to cold. (rC-)
You float through the air rather than walking.
You learn spells naturally, not from books.
Your magical power is your life essence.
You have superior vitality. (+4 MHP)


Message History

* * * LOW HITPOINT WARNING * * *
Unknown command.
Throw: 2 darts (curare)
Press: ? - help, Shift-Dir - straight line, f/p - Edmund
Aim: Edmund, wielding a +1 flail of protection and wearing a +0 chain mail (heavily wounded, 64% to hit)
You throw a curare-tipped dart.
The curare-tipped dart closely misses Edmund.
The ufetubus resists.
The wall freezes the ufetubus.
The ufetubus hits you but does no damage.
The ufetubus completely misses you.
The ufetubus resists.
The wall freezes the ufetubus.
The ufetubus closely misses you. x2
The wall freezes Edmund but does no damage.
Edmund barely misses you.
Throw: dart (curare)
Press: ? - help, Shift-Dir - straight line, f/p - Edmund
Aim: Edmund, wielding a +1 flail of protection and wearing a +0 chain mail (heavily wounded, 64% to hit)
You throw a curare-tipped dart.
The curare-tipped dart barely misses Edmund.
The frozen ramparts melt away.
The ufetubus hits you but does no damage.
The ufetubus barely misses you. Edmund completely misses you.
Your icy armour will break if you move.
Continue?
Okay, then.
Casting: Freeze (safe; 1% risk of failure)
Confirm with . or Enter, or press ? or * to list all spells.
Casting: Frozen Ramparts (dangerous; 5% risk of failure)
Press: ? - help, Dir - look around, f - activate
Okay, then.
Casting: Frozen Ramparts (dangerous; 5% risk of failure)
Confirm with . or Enter, or press ? or * to list all spells.
Casting: Frozen Ramparts (dangerous; 5% risk of failure)
Press: ? - help, Dir - look around, f - activate The walls around you are covered in ice.
* * * LOW HITPOINT WARNING * * *
The ufetubus resists.
The wall freezes the ufetubus.
The ufetubus hits you.
* * * LOW HITPOINT WARNING * * *
The ufetubus closely misses you.
The wall freezes the ufetubus but does no damage.
The ufetubus closely misses you. The ufetubus hits you.
You die...

#...#...###
##.###.....
#.<#..#..##
##....###..
#.......#.##
#.........#..#
##..........#
#......##.##
.........#@#
.#.......#.5@......
##........###....#
#........ ...#
#....... ..(
#...... .. .......
# #......


You could see Edmund and an ufetubus.

Vanquished Creatures
  2 adders (D:2)
  A worm (D:2)
  3 dart slugs
  4 orcs (D:3)
  6 endoplasms
  3 giant cockroaches
  5 goblins
  4 hobgoblins
  2 jackals (D:1)
  2 quokkas
  5 ball pythons
  5 bats
  3 frilled lizards
  7 kobolds
  7 rats
59 creatures vanquished.

Vanquished Creatures (others)
  9 plants (D:3)
9 creatures vanquished.

Grand Total: 68 creatures vanquished

Notes
Turn   | Place    | Note
-------+----------+-------------------------------------------
     0 | D:1      | xSliceyx the Djinni Ice Elementalist began the quest for
                  | the Orb.
     0 | D:1      | xSliceyx set off with the following spells memorised:
                  | Freeze, Frozen Ramparts, Ozocubu's Armour, Summon Ice
                  | Beast.
     0 | D:1      | Reached XP level 1. HP: 15/15 MP: 0/0
   168 | D:1      | Reached XP level 2. HP: 20/21 MP: 0/0
   995 | D:2      | Reached XP level 3. HP: 14/25 MP: 0/0
   995 | D:2      | Learned a level 1 spell: Sting
  1131 | D:2      | Reached skill level 4 in Spellcasting
  1214 | D:2      | You are sucked into a shaft and drop 1 floor!
  1375 | D:2      | Reached XP level 4. HP: 27/31 MP: 0/0
  1807 | D:3      | Noticed Spectrina's ghost (weakling DEMo)
  1811 | D:3      | Found a sparkling altar of Nemelex Xobeh.
  1971 | D:3      | Found a faded altar of an unknown god.
  2159 | D:3      | Found a runed translucent door.
  2331 | D:4      | Noticed Edmund
  2341 | D:4      | Slain by an ufetubus

Illustrated notes

Levels and vault maps discovered:
D:1:      dpeg_arrival_stonehenge_12_columns, layout_loops_corners
D:2:      layout_loops_ring, hangedman_decor_clover_reticule
D:3:      layout_rooms, mainiacjoe_overflow_catwalk,
          hellmonk_ghost_happy_afterlife,
          shapermc_ecumenical_altar_mp_urbaneastern, minmay_strange_pillars
D:4:      layout_cave_pools, minitemple, serial_demonic, serial_demonic_b,
          serial_demonic_g, serial_demonic_d, serial_demonic_a, uniq_edmund

Skill      XL: |  1  2  3 |
---------------+----------+-----
Spellcasting   | 4 |  4.6
Dodging        | |  2.1
Stealth        | |  1.5

Action                   |  1- 3 |  4- 6 || total
-------------------------+-------+-------++-------
Melee: Staff             |     7 |       ||     7
       Spear             |     1 |    14 ||    15
Throw: Dart              |       |     3 ||     3
 Cast: Freeze            |    32 |    16 ||    48
       Sting             |    23 |    20 ||    43
       Frozen Ramparts   |     1 |     4 ||     5
       Ozocubu's Armour  |       |     1 ||     1
  Use: Scroll            |       |     1 ||     1
Armor: Robe              |     6 |    10 ||    16
Dodge: Dodged            |    26 |    29 ||    55

Table legend: (Time is in decaauts)
 A = Elapsed time spent in this place.
 B = Non-inter-level travel time spent in this place.
 C = Inter-level travel time spent in this place.
 D = Time resting spent in this place.
 E = Time spent auto-exploring this place.
 F = Levels seen in this place.
 G = Mean time per level.
                   A        B        C        D        E       F      G
               +--------+--------+--------+--------+--------+-----+--------+
         Total |   2341 |   2213 |    128 |    190 |   1588 |   4 |  585.2 |
       Dungeon |   2341 |   2213 |    128 |    190 |   1588 |   4 |  585.2 |
               +--------+--------+--------+--------+--------+-----+--------+

Top non-repeatable levels by time:
     D:1: 981 daAuts
     D:2: 734 daAuts
     D:3: 601 daAuts
     D:4: 23 daAuts
